AoeStats
← 一兵不出真君

Arabia

505015724Analyzed
1v1 RM · 25d ago on Sep 7, 2026· 25m 45s· 2 players
Game mode
Random Map
Map size
Tiny (2 player)
Population
200
Speed
Normal
Resources
Standard
Victory
Conquest
Starting age
Dark Age
Ending age
Imperial Age
RankedLock teamsTeams togetherTeam positionsShared explorationLock speedFull tech treeHidden civsTurbo modeCheats
Victory
Defeat
🇨🇿 Saracens · Czechia
1886
+17
🇨🇳 Japanese · China
1917
-17
alesh
5:59 Loom
8:22 Feudal Age
9:05 Double-Bit Axe
12:58 Fletching
16:54 Town Watch
21:32 Castle Age
20:08 Gold Mining
21:11 Padded Archer Armor
22:10 Bodkin Arrow
21:40 Crossbowman
23:26 Ballistics
一兵不出真君
8:32 Feudal Age
8:43 Man-at-Arms
10:57 Loom
14:41 Fletching
16:37 Padded Archer Armor
17:16 Double-Bit Axe
19:13 Horse Collar
24:06 Castle Age
24:20 Elite Skirmisher
24:55 Bodkin Arrow
Connection lost

Rejoining the realm…

Still unreachable

The connection could not be restored.

Session expired

The server has moved on; the page needs a fresh start.